 Dungeon Crawl Stone Soup version 0.24.0-37-gcf1ca852f1 (webtiles) character file.

Game seed: 12701978408514171932, levelgen mode: deterministic

65 Descartes the Skirmisher (level 4, -1/37 HPs)
             Began as a Formicid Abyssal Knight on Nov 22, 2019.
             Was a Follower of Lugonu.
             Slain by a worm (7 damage)
             ... on level 2 of the Dungeon.
             The game lasted 00:03:31 (1561 turns).

Descartes the Skirmisher (Formicid Abyssal Knight)  Turns: 1561, Time: 00:03:32

Health: -1/37      AC:  3    Str: 16    XL:     4   Next: 35%
Magic:  6/6        EV: 11    Int: 13    God:    Lugonu [*.....]
Gold:   51         SH:  0    Dex: 10    Spells: 3/3 levels left

rFire    . . .     SeeInvis +   a - +1 hand axe
rCold    . . .     Gourm    .   (no shield)
rNeg     . . .     Faith    .   b - +0 leather armour
rPois    .         Spirit   .   (helmet unavailable)
rElec    .         Reflect  .   (no cloak)
rCorr    .         Harm     .   (no gloves)
MR       .....                  (no boots)
Stlth    +.........             (no amulet)
HPRegen  0.12/turn              (no ring)
MPRegen  0.10/turn              (no ring)

@: no status effects
A: permanent stasis, dig shafts and tunnels, four strong arms, antennae 3
a: Dig, Shaft Self, Depart the Abyss, Renounce Religion


You were on level 2 of the Dungeon.
You worshipped Lugonu.
Lugonu was aware of your devotion.
You were not hungry.

You visited 1 branch of the dungeon, and saw 2 of its levels.
You visited the Abyss 1 time.

You collected 51 gold pieces.

Inventory:

Hand Weapons
 a - a +1 hand axe (weapon)
Missiles
 f - 92 stones (quivered)
 m - 34 sling bullets
 t - 25 arrows
Armour
 b - a +0 leather armour (worn)
 q - a +0 buckler
Wands
 e - a wand of flame (9)
 h - a wand of iceblast (8)
Scrolls
 i - 2 scrolls of enchant armour {unknown}
 j - 2 scrolls of fog {unknown}
 k - 4 scrolls of identify {unknown}
 r - a scroll of magic mapping {unknown}
 s - a scroll of remove curse {unknown}
Potions
 d - a potion of lignification {unknown}
 g - a potion of curing {unknown}
 l - a potion of might {unknown}
 n - a potion of heal wounds {unknown}
 o - a potion of brilliance {unknown}
Comestibles
 c - 2 rations


   Skills:
 + Level 3.7 Fighting
 + Level 2.4 Axes
 + Level 2.6 Armour
 + Level 1.4 Dodging
 + Level 3.0 Invocations
 + Level 1.4 Evocations


You had 3 spell levels left.
You didn't know any spells.
Your spell library was empty.

Dungeon Overview and Level Annotations

Branches:
Dungeon (2/15)

Altars:


Innate Abilities, Weirdness & Mutations

You cannot be hasted, slowed, berserked, paralysed or teleported.
You can dig through walls and to a lower floor.
Your four strong arms can wield two-handed weapons with a shield.
You have a pair of large antennae on your head. (SInv)


Message History

You hit Natasha.
Natasha is heavily wounded.
Natasha claws you but does no damage. Natasha claws you.
You closely miss Natasha.
Natasha is heavily wounded.
Natasha casts a spell at you. The magic dart hits you!
You closely miss Natasha.
Natasha is heavily wounded.
You hit the worm but do no damage. Natasha claws you.
* * * LOW HITPOINT WARNING * * *
You slash Natasha!
You kill Natasha!
Lugonu accepts your kill.
Natasha screams in fury as she dies!
Your Invocations skill increases to level 3!
You have reached level 4!
You feel clever.
You hit the worm. The worm bites you!
You die...

............####.......
#............# ###....÷
#...(........# #.....
#............# #.....
#............# #.....
#..[.........# #.....
#............# #.....
#.....w......# ######
#......@.....#
#.....†......#
#............#
#............#
##############


You could see a worm.

Vanquished Creatures
  Natasha (D:2)
  2 dart slugs (D:1)
  3 leopard geckos (D:1)
  A giant cockroach (D:1)
  5 goblins
  6 hobgoblins (D:1)
  2 jackals (D:2)
  6 kobolds
  2 bats
  4 rats (D:1)
32 creatures vanquished.

Notes
Turn   | Place    | Note
-------+----------+-------------------------------------------
     0 | Abyss:1  | Descartes the Formicid Abyssal Knight began the quest for
                  | the Orb.
     0 | Abyss:1  | Reached XP level 1. HP: 18/18 MP: 2/2
    52 | Abyss:1  | Noticed a small abomination
   118 | Abyss:2  | Noticed a wraith
   125 | Abyss:2  | Noticed a large abomination
   147 | Abyss:3  | Noticed a ynoxinul
   161 | Abyss:3  | Noticed a starcursed mass
   172 | D:1      | Escaped the Abyss
   469 | D:1      | Reached skill level 1 in Dodging
   469 | D:1      | Reached XP level 2. HP: 9/24 MP: 3/3
   725 | D:1      | Reached * piety under Lugonu
   819 | D:1      | Reached XP level 3. HP: 10/29 MP: 3/5
  1041 | D:1      | Reached skill level 1 in Evocations
  1551 | D:2      | Noticed Natasha
  1561 | D:2      | Killed Natasha
  1561 | D:2      | Reached XP level 4. HP: 5/37 MP: 6/6
  1561 | D:2      | Slain by a worm

Levels and vault maps discovered:
D:1:      ebering_trefoil_3fold, layout_rooms, hangedman_decor_push
D:2:      layout_basic, uniq_natasha

Skill      XL: |  1  2  3 |
---------------+----------+-----
Dodging        | 1 |  1.4
Evocations     | 1 |  1.4
Invocations    | 3 |  3.0
Fighting       | |  3.7
Axes           | |  2.4
Armour         | |  2.6

Action                   |  1- 3 |  4- 6 || total
-------------------------+-------+-------++-------
Melee: Hand axe          |   102 |       ||   102
Invok: Depart the Abyss  |     1 |       ||     1
 Abil: Dig               |     1 |       ||     1
  Eat: Chunk             |     2 |       ||     2
Armor: Leather armour    |    28 |       ||    28
Dodge: Dodged            |    66 |       ||    66
